AoeStats
← 沒起房子我日

Arena

508847310Analyzed
4v4 RM · 8d ago on Sep 24, 2026· 49m 48s· 8 players
Game mode
Random Map
Map size
Large (8 player)
Population
200
Speed
Normal
Resources
Standard
Victory
Conquest
Starting age
Dark Age
Ending age
Imperial Age
RankedLock teamsTeams togetherTeam positionsShared explorationLock speedFull tech treeHidden civsTurbo modeCheats
Victory
Defeat
🇹🇼 Bengalis · Taiwan
1507
+12
🇨🇳 Malians · China
1493
+12
🇭🇰 Saxons · Hong Kong SAR China
1449
+14
🇨🇳 Persians · China
1421
+15
🇪🇸 Dravidians · Spain
1544
-18
🇪🇸 Teutons · Spain
1379
-12
1363
-12
🇬🇧 Saxons · United Kingdom
1356
-11
kinwaleung18
7:14 Loom
9:19 Feudal Age
13:06 Fletching
15:48 Double-Bit Axe
19:29 Horse Collar
20:37 Wheelbarrow
24:39 Castle Age
23:44 Gold Mining
25:56 Bow Saw
26:14 Stone Mining
28:59 Imperial Age
27:05 Gold Mining
28:54 Heavy Plow
29:05 Bodkin Arrow
29:11 Padded Archer Armor
29:58 Bracer
30:22 Ballistics
30:14 Town Watch
31:01 Cranequins
33:04 Leather Archer Armor
33:13 Conscription
34:20 Bloodlines
35:54 Chemistry
35:26 Husbandry
36:34 Hand Cart
36:48 Capped Ram
38:24 Ring Archer Armor
38:11 Thumb Ring
39:48 Scale Mail Armor
39:43 Heavy Mounted Crossbowman
41:09 Masonry
41:59 Chain Mail Armor
41:55 Forging
43:25 Two-Man Saw
42:58 Siege Ram
47:35 Plate Mail Armor
47:41 Iron Casting
48:48 Gold Shaft Mining
沒起房子我日
10:16 Feudal Age
13:59 Castle Age
12:07 Double-Bit Axe
12:42 Horse Collar
14:02 Loom
15:39 Bow Saw
17:55 Sanctity
19:20 Atonement
20:06 Fervor
21:00 Redemption
23:43 Wheelbarrow
23:01 Gold Mining
23:01 Pikeman
29:23 Devotion
29:42 Hand Cart
29:37 Stone Mining
32:36 Fortified Wall
37:37 Imperial Age
35:10 Fletching
36:07 Ballistics
36:21 Bodkin Arrow
36:28 Padded Archer Armor
38:19 Leather Archer Armor
38:24 Bracer
39:46 Two-Man Saw
38:47 Heavy Plow
39:55 Chemistry
39:29 Paiks
40:57 Conscription
40:05 Elite Elephant Archer
42:41 Ring Archer Armor
42:42 Mahayana
44:23 Guilds
46:45 Coinage
47:10 Block Printing
47:31 Theocracy
47:31 Crop Rotation
47:38 Gold Shaft Mining
48:23 Banking
47:30 Elite Skirmisher
49:29 Illumination
UU
2:32 Loom
11:19 Feudal Age
15:41 Castle Age
14:25 Double-Bit Axe
14:33 Horse Collar
22:08 Bow Saw
21:59 Heavy Plow
23:59 Wheelbarrow
23:59 Stone Mining
25:58 Gold Mining
30:42 Imperial Age
29:02 Gold Shaft Mining
28:41 Scale Mail Armor
28:44 Squires
29:07 Forging
29:33 Hand Cart
29:43 Town Watch
31:10 Iron Casting
30:57 Arson
31:35 Ballistics
31:24 Elite Gbeto
33:28 Chemistry
32:39 Masonry
32:55 Conscription
33:06 Chain Mail Armor
33:09 Capped Ram
35:48 Plate Mail Armor
35:10 Fletching
35:51 Coinage
36:41 Crop Rotation
37:47 Tigui
38:54 Bodkin Arrow
39:06 Scale Barding Armor
39:33 Architecture
39:06 Pikeman
41:31 Banking
41:23 Man-at-Arms
44:38 Guilds
46:17 Chain Barding Armor
45:58 Padded Archer Armor
49:37 Caravan
andfoul
10:23 Feudal Age
14:05 Castle Age
12:14 Double-Bit Axe
12:40 Horse Collar
15:36 Bow Saw
20:37 Loom
21:28 Wheelbarrow
22:25 Heavy Plow
24:21 Hand Cart
28:12 Imperial Age
26:47 Stone Mining
26:47 Gold Mining
27:04 Scale Barding Armor
28:43 Chain Barding Armor
27:49 Elite War Elephant
28:49 Conscription
28:56 Husbandry
30:07 Gold Shaft Mining
29:46 Devotion
30:39 Plate Barding Armor
30:14 Forging
31:28 Two-Man Saw
31:47 Masonry
34:44 Iron Casting
35:06 Stone Shaft Mining
35:38 Bloodlines
36:46 Faith
37:52 Ballistics
38:27 Crop Rotation
39:02 Blast Furnace
39:48 Citadels
40:39 Cavalier
43:35 Caravan
43:59 Light Cavalry
44:32 Savar
Oliver
10:09 Feudal Age
12:26 Loom
15:18 Castle Age
14:02 Double-Bit Axe
14:37 Horse Collar
22:50 Bow Saw
24:17 Scale Mail Armor
25:16 Forging
27:29 Iron Casting
27:09 Chain Mail Armor
27:10 Squires
28:19 Chain Mail Armor
28:22 Gambesons
32:20 Wheelbarrow
31:46 Town Watch
33:18 Scale Barding Armor
36:37 Imperial Age
33:59 Fletching
34:10 Padded Archer Armor
33:35 Crossbowman
34:41 Thumb Ring
35:22 Ballistics
35:59 Bodkin Arrow
36:41 Arbalester
37:30 Bracer
38:35 Shield Wall
39:36 Conscription
39:56 Gold Mining
41:38 Leather Archer Armor
40:47 Capped Ram
42:01 Plate Mail Armor
45:43 Ring Archer Armor
44:40 Siege Ram
46:40 Bloodlines
46:31 Husbandry
45:51 Cavalier
47:31 Chain Barding Armor
48:35 Hand Cart
El coco
6:31 Loom
8:45 Feudal Age
10:07 Wheelbarrow
9:18 Town Watch
10:40 Fletching
14:46 Horse Collar
19:38 Double-Bit Axe
24:08 Castle Age
22:25 Stone Mining
25:28 Bow Saw
27:31 Heavy Plow
28:22 Town Patrol
28:17 Gold Mining
31:33 Imperial Age
30:24 Scale Barding Armor
31:33 Chain Barding Armor
32:34 Forging
32:58 Conscription
33:17 Plate Barding Armor
33:03 Fortified Wall
32:15 Cavalier
33:18 Bloodlines
34:34 Iron Casting
34:10 Masonry
35:15 Paladin
43:16 Blast Furnace
42:57 Ballistics
43:32 Guard Tower
44:47 Hand Cart
45:53 Guard Tower
49:27 Crop Rotation
神速デュバリィ
9:43 Feudal Age
11:46 Loom
14:43 Castle Age
12:47 Double-Bit Axe
16:04 Bow Saw
16:31 Fervor
19:35 Horse Collar
21:46 Wheelbarrow
22:03 Devotion
23:06 Atonement
26:13 Redemption
34:00 Imperial Age
32:06 Scale Mail Armor
34:40 Chemistry
34:30 Sanctity
33:35 Pikeman
34:16 Squires
36:11 Heavy Plow
36:45 Block Printing
36:57 Illumination
37:10 Hussite Reforms
38:56 Theocracy
39:03 Halberdier
40:23 Conscription
40:50 Chain Mail Armor
jwinnfield.trash
11:10 Feudal Age
12:24 Double-Bit Axe
12:44 Horse Collar
15:24 Castle Age
16:31 Bow Saw
16:23 Heavy Plow
21:50 Wheelbarrow
21:47 Gold Mining
23:32 Hand Cart
27:23 Imperial Age
24:39 Loom
25:33 Scale Mail Armor
25:27 Town Watch
26:29 Chain Mail Armor
25:38 Man-at-Arms
26:40 Forging
26:28 Long Swordsman
27:15 Squires
27:01 Gambesons
27:01 Arson
27:32 Two-Handed Swordsman
28:46 Plate Mail Armor
28:40 Conscription
28:49 Champion
30:23 Iron Casting
29:55 Pikeman
30:51 Stone Mining
31:38 Wootz Steel
30:43 Halberdier
32:42 Blast Furnace
33:28 Block Printing
33:36 Sanctity
33:54 Theocracy
37:18 Fletching
38:29 Bodkin Arrow
38:41 Elite Elephant Archer
39:27 Thumb Ring
39:48 Ballistics
40:28 Chemistry
39:49 Bracer
39:50 Padded Archer Armor
42:01 Leather Archer Armor
44:55 Ring Archer Armor
44:49 Medical Corps
Connection lost

Rejoining the realm…

Still unreachable

The connection could not be restored.

Session expired

The server has moved on; the page needs a fresh start.